 Dungeon Crawl Stone Soup version 0.24.1-8-ga250c9d538 (webtiles) character file.

Game seed: 15939869457646454323, levelgen mode: deterministic

209864 Atelerd the Devastator (level 18, -5/107 HPs)
             Began as an Octopode Wizard on May 7, 2020.
             Was an Elder of Sif Muna.
             Shot with an arrow by a centaur warrior (26 damage)
             ... on level 2 of the Vaults on May 8, 2020.
             The game lasted 03:36:11 (57263 turns).

Atelerd the Devastator (Octopode Wizard)           Turns: 57263, Time: 03:36:12

Health: -5/107     AC:  3    Str: 11    XL:     18   Next: 83%
Magic:  25/55      EV: 17    Int: 32    God:    Sif Muna [****..]
Gold:   1551       SH:  8    Dex: 10    Spells: 3/47 levels left

rFire    . . .     SeeInvis +   O - +7 scimitar (protect)
rCold    . . .     Gourm    +   t - +2 buckler
rNeg     . . .     Faith    .   q - +2 hat
rPois    +         Spirit   .   m - amulet of the gourmand
rElec    +         Reflect  .   e - +4 ring of strength
rCorr    .         Harm     .   I - ring of stealth
MR       +....                  G - ring of Baefeore {+Fly rElec Int+4}
Stlth    ++++++....             S - ring of magical power
HPRegen  0.27/turn              U - ring of magical power
MPRegen  0.34/turn              s - ring of see invisible
                                h - ring of poison resistance
                                i - +3 ring of slaying

@: no status effects
A: almost no armour, stealthy swim, amphibious, 8 rings, constrict 8, camouflage
1, gelatinous body 1
}: 1/15 runes: serpentine
a: Channel Magic, Forget Spell, Divine Exegesis, Renounce Religion, Evoke Flight


You were on level 2 of the Vaults.
You worshipped Sif Muna.
Sif Muna was greatly pleased with you.
You were hungry.

You visited 8 branches of the dungeon, and saw 33 of its levels.
You also visited: Sewer and Gauntlet.

You collected 3305 gold pieces.
You spent 1754 gold pieces at shops.

Inventory:

Hand Weapons
 O - a +7 scimitar of protection (weapon)
 P - the +5 war axe "Ompuont" {flame, MP+9 Int+3 SInv}
   (You bought it in a shop on level 2 of the Orcish Mines)

   It has been specially enchanted to burn those struck by it, causing extra
   injury to most foes and up to half again as much damage against particularly
   susceptible opponents.
   Big, fiery blades are also staple armaments of hydra-hunters.
   It affects your intelligence (+3).
   It affects your magic capacity (+9).
   It lets you see invisible.
Armour
 q - a +2 hat (worn)
 t - a +2 buckler (worn)
Jewellery
 e - a +4 ring of strength (left tentacle)
 h - a ring of poison resistance (on tentacle)
 i - a +3 ring of slaying (on tentacle)
 m - an amulet of the gourmand (around mantle)
 s - a ring of see invisible (on tentacle)
 A - the amulet of the Air {Inacc +Fly rElec EV+5 RMsl}
   (You bought it in a shop on level 2 of the Orcish Mines)

   [amulet of inaccuracy]

   It reduces the accuracy of all your attacks.
   It affects your evasion (+5).
   It insulates you from electricity.
   It lets you fly.
   It protects you from missiles.
 G - the ring of Baefeore (on tentacle) {+Fly rElec Int+4}
   (You found it on level 9 of the Dungeon)

   [ring of flight]

   It affects your intelligence (+4).
   It insulates you from electricity.
   It lets you fly.
 I - a ring of stealth (right tentacle)
 S - a ring of magical power (on tentacle)
 U - a ring of magical power (on tentacle)
 V - an uncursed ring of fire
Wands
 w - a wand of polymorph (40)
 y - a wand of disintegration (20)
 C - a wand of paralysis (4)
 D - a wand of flame (93)
 E - a wand of digging (13)
 F - a wand of enslavement (9)
 H - a wand of random effects (72)
 K - a wand of iceblast (11)
 X - a wand of acid (7)
Scrolls
 d - 6 scrolls of enchant armour
 f - 9 scrolls of remove curse
 g - a scroll of brand weapon
 j - 11 scrolls of amnesia
 k - a scroll of blinking
 l - 4 scrolls of teleportation
 u - 8 scrolls of immolation
 J - 7 scrolls of magic mapping
 L - 4 scrolls of silence
 N - 3 scrolls of vulnerability
 T - 2 scrolls of fog
 Y - a scroll of identify
Potions
 b - 4 potions of flight
 n - 2 potions of haste
 o - a potion of magic
 p - a potion of brilliance
 r - 2 potions of agility
 v - 6 potions of berserk rage
 x - 2 potions of ambrosia
 z - 2 potions of might
 B - 4 potions of cancellation
 Q - 3 potions of resistance
 R - 5 potions of curing
 Z - 2 potions of mutation
Miscellaneous
 W - a lightning rod (4/4)
Comestibles
 c - 14 rations


   Skills:
 + Level 4.5 Fighting
 + Level 2.1 Long Blades
 + Level 9.4 Dodging
 - Level 9.0 Stealth
 + Level 9.3 Shields
 - Level 15.0 Spellcasting
 - Level 15.0 Conjurations
 + Level 3.7 Charms
 - Level 1.0 Summonings
 - Level 2.0 Translocations
 * Level 8.4 Fire Magic
 - Level 9.4 Ice Magic
 - Level 9.4 Air Magic
 - Level 6.0 Earth Magic
 - Level 5.0 Poison Magic
 + Level 10.9 Invocations
 - Level 5.0 Evocations


You had 3 spell levels left.
You knew the following spells:

 Your Spells              Type           Power        Failure   Level  Hunger
a - Magic Dart            Conj           ####         0%          1    None
b - Mephitic Cloud        Conj/Pois/Air  ######..     1%          3    None
c - Blink                 Tloc           N/A          1%          2    None
d - Freezing Cloud        Conj/Ice/Air   #######...   2%          6    ###....
e - Iskenderun's Battles  Conj/Chrm      ######..     1%          5    None
f - Conjure Ball Lightni  Conj/Air       #######...   1%          6    ###....
g - Orb of Destruction    Conj           #######...   3%          7    #####..
h - Summon Butterflies    Summ           ####....     1%          1    None
i - Summon Ice Beast      Ice/Summ       ######..     2%          4    None
j - Iron Shot             Conj/Erth      ######....   3%          6    ###....
k - Inner Flame           Hex/Fire       ######..     1%          3    None

Your spell library contained the following spells:

 Spells                   Type           Power        Failure   Level  Hunger
 Flame Tongue             Conj/Fire      #####        0%          1    None
 Animate Skeleton         Necr           N/A          1%          1    None
 Freeze                   Ice            ####         1%          1    None
 Infusion                 Chrm           ####         1%          1    None
 Summon Small Mammal      Summ           ####         1%          1    None
 Call Imp                 Summ           ####....     1%          2    None
 Passwall                 Tmut/Erth      #####...     1%          2    None
 Poisonous Vapours        Pois/Air       ######       1%          2    None
 Shroud of Golubria       Chrm/Tloc      #####.       1%          2    None
 Song of Slaying          Chrm           #####...     1%          2    None
 Throw Flame              Conj/Fire      ######       1%          2    None
 Throw Frost              Conj/Ice       ######       1%          2    None
 Conjure Flame            Conj/Fire      #######.     1%          3    None
 Ozocubu's Armour         Chrm/Ice       ######..     1%          3    None
 Stone Arrow              Conj/Erth      ######       1%          3    None
 Slow                     Hex            ###.....     2%          2    None
 Regeneration             Chrm/Necr      #####.....   2%          3    None
 Spectral Weapon          Hex/Chrm       #####...     2%          3    None
 Call Canine Familiar     Summ           ####....     3%          3    None
 Summon Guardian Golem    Hex/Summ       ####....     4%          3    None
 Vampiric Draining        Necr           ###.......   5%          3    None
 Sticky Flame             Conj/Fire      #######.     1%          4    None
 Throw Icicle             Conj/Ice       #######.     1%          4    None
 Bolt of Magma            Conj/Fire/Erth ######....   1%          5    None
 Venom Bolt               Conj/Pois      ######....   1%          5    None
 Bolt of Cold             Conj/Ice       #######...   1%          6    ###....
 Olgreb's Toxic Radiance  Pois           ######..     2%          4    None
 Summon Lightning Spire   Summ/Air       ######..     2%          4    None
 Bolt of Fire             Conj/Fire      #######...   2%          6    ###....
 Poison Arrow             Conj/Pois      ######....   4%          6    ###....
 Alistair's Intoxication  Tmut/Pois      #####...     19%         5    None
 Summon Demon             Summ           ####......   32%         5    None
 Summon Mana Viper        Hex/Summ       ####....     38%         5    None
 Spellforged Servitor     Conj/Summ      ######....   50%         7    #####..
 Ring of Flames           Chrm/Fire      ######....   78%         7    #####..
 Lehudib's Crystal Spear  Conj/Erth      ######....   85%         8    ######.
 Hydra Form               Tmut           ###.......   95%         6    ###....
 Fire Storm               Conj/Fire      #######...   100%        9    #######
 Glaciate                 Conj/Ice       #######...   100%        9    #######


Dungeon Overview and Level Annotations

Branches:
Dungeon (15/15)            Temple (1/1) D:5            Lair (5/6) D:9
 Shoals (3/4) Lair:2        Snake (4/4) Lair:4        Slime (0/5) Lair:5
    Orc (2/2) D:11            Elf (1/3) Orc:2        Vaults (2/5) D:13
 Depths (0/5) D:15          Sewer (visited)         Gauntlet (visited)
  Crypt: Vaults:2-3

Altars:
Ashenzari
Cheibriados
Dithmenos
Elyvilon
Fedhas
Gozag
Hepliaklqana
Kikubaaqudgha
Makhleb
Nemelex Xobeh
Qazlal
Ru
Sif Muna
Trog
Uskayaw
Vehumet
Wu Jian
Xom
Yredelemnul
Zin
The Shining One
Beogh
Jiyva

Shops:
D:6 [   D:9 *   D:13 %   Orc:1 ?   Orc:2 (=[*   Snake:4 [   Vaults:1 (

Portals:
Trove: D:12 (show abyssal rune of Zot)

Annotations:
D:5 exclusion: downstairs
D:7 exclusion: downstairs
Lair:2 exclusion: downstairs
Lair:5 1 runed translucent door, Thalamas's ghost, journeyman MiBe
Shoals:3 1 runed translucent door
Snake:1 exclusion: downstairs
Snake:2 exclusion: downstairs
Snake:3 exclusion: 2 downstairs
Elf:1 !dancing weapons
Vaults:1 exclusion: downstairs


Innate Abilities, Weirdness & Mutations

You cannot wear most types of armour.
You are very stealthy in the water. (Stealth+)
You are amphibious.
You can wear up to eight rings at the same time.
You can use your tentacles to constrict eight enemies at once.
Your skin changes colour to match your surroundings (Stealth+).
Your rubbery body absorbs attacks. (AC +1, EV +1)


Message History

Really fire in your butterfly's direction?
The iron shot hits the crystal guardian!!
You destroy the crystal guardian!
Sif Muna accepts your kill.
You hear an angry buzzing noise.
The wolf spider is engulfed in freezing vapours.
The yaktaur captain is engulfed in freezing vapours.
A phantasmal warrior comes into view.
The centaur warrior wields a +0 shortbow of velocity.
The centaur warrior shoots an arrow.
The arrow hits you!!
* * * LOW HITPOINT WARNING * * *
x2 Unknown command.
Unknown command.
Unknown command.
Okay, then.
Casting: Iron Shot (safe; 3% risk of failure)
Confirm with . or Enter, or press ? or * to list all spells.
Unknown command.
You swap places.
The centaur warrior shoots an arrow.
The arrow hits you!!
You die... #### cp. #..# Z.# .).# )Z# ..## pc#

.## #.######..#####
#####
#......c.......
##..#
######c############
#...#
#..b.b.........
....#
#.@b.bb........
#####
#b.bb..........
#......<.......
#.....b........
#..............
###############


You could see a yaktaur captain and a centaur warrior.

Vanquished Creatures
  Saint Roka (Snake:2)
  Agnes (Snake:3)
  9 nagarajas
  An emperor scorpion (D:15)
  Aizul (Shoals:3)
  An orc warlord (Orc:2)
  An ironheart preserver (D:13)
  A dire elephant (D:15)
  An ettin (Orc:1)
  2 merfolk javelineers
  A fire dragon (Vaults:1)
  A crystal guardian (Vaults:2)
  Josephine (D:14)
  3 merfolk impalers
  A great orb of eyes (Vaults:1)
  7 hydras
  16 naga warriors
  2 yaktaur captains (Vaults:1)
  Erolcha (D:11)
  A catoblepas (Lair:5)
  An alligator snapping turtle (Shoals:2)
  A merfolk avatar (Shoals:1)
  10 two-headed ogres
  14 centaur warriors
  4 ogre magi
  5 death yaks (Lair:3)
  2 merfolk aquamancers
  9 anacondas
  2 death knights
  An orc high priest (Orc:2)
  A tengu warrior (D:15)
  12 naga sharpshooters
  A deep elf knight (Vaults:1)
  3 shock serpents
  A shadow wraith (Vaults:1)
  A salamander mystic (Snake:4)
  A fire crab (shapeshifter) (Vaults:2)
  4 skeletal warriors
  A glowing orange brain (shapeshifter) (Vaults:1)
  A wizard (Vaults:2)
  A glowing orange brain (Vaults:1)
  3 unseen horrors
  3 sea snakes
  12 naga ritualists
  4 ironbrand convokers
  16 harpies
  2 lindwurms (Lair:5)
  4 deep elf magi
  A wolf spider (Vaults:2)
  3 fauns
  4 mana vipers
  7 orc sorcerers
  5 orc knights
  17 ugly things
  4 cyclopes
  3 manticores
  8 salamanders
  2 ball lightnings
  3 guardian serpents
  4 water nymphs
  An elephant (shapeshifter) (Vaults:1)
  20 naga magi
  An elephant (Lair:4)
  4 merfolk sirens
  48 black mambas
  2 vault sentinels (Vaults:1)
  4 centaur skeletons
  18 spiny frogs
  5 yaktaurs (Vaults:1)
  6 komodo dragons
  An efreet (D:14)
  A troll (shapeshifter) (D:13)
  A queen bee (Gauntlet)
  5 trolls
  11 merfolk
  A tengu conjurer (D:14)
  4 hornets
  2 slime creatures (Vaults:1)
  10 hippogriffs
  A polar bear (Lair:5)
  4 dream sheep (Shoals:1)
  4 snapping turtles
  7 water elementals
  An air elemental (D:14)
  6 wraiths
  2 shadows
  2 vampires
  38 yaks
  4 wyverns
  2 fire elementals
  2 basilisks
  2 hungry ghosts (D:10)
  A steam dragon (D:11)
  4 wargs
  2 soldier ants (Gauntlet)
  2 acid dragons
  39 nagas
  18 water moccasins
  9 porcupines
  A hell hound (Gauntlet)
  44 orc warriors
  2 black bears
  5 ice beasts
  An eye of draining (D:15)
  2 hornet zombies
  4 sky beasts
  A necrophage (D:13)
  An ettin simulacrum (Vaults:1)
  4 boggarts
  16 ogres
  A phantom (D:5)
  12 centaurs
  7 crocodiles
  Blork the orc (Orc:2)
  5 big kobolds
  17 bullfrogs
  2 earth elementals
  A wyvern skeleton (D:10)
  A deep troll simulacrum (Vaults:1)
  A water moccasin zombie (D:5)
  8 scorpions
  16 killer bees
  11 wights
  An electric eel (Lair:1)
  A howler monkey (D:6)
  5 crimson imps
  3 bullfrog zombies
  6 centaur zombies
  5 jellies
  23 orc priests
  4 hounds
  19 orc wizards
  A gnoll shaman (D:5)
  2 bullfrog skeletons
  4 iguanas
  12 worker ants
  A hound zombie (D:5)
  A hound skeleton (D:8)
  A howler monkey zombie (D:8)
  19 adders
  7 gnolls
  2 howler monkey skeletons
  5 shadow imps
  8 oozes
  An adder zombie (D:10)
  2 adder skeletons
  5 worms
  A dart slug (D:2)
  15 leopard geckos
  85 orcs
  5 bats
  16 giant cockroaches
  8 goblins
  9 hobgoblins
  11 jackals
  29 kobolds
  7 quokkas
  10 ball pythons (Sewer)
  17 frilled lizards
  3 leopard gecko skeletons
  2 quokka skeletons
  22 rats
  14 plants
1085 creatures vanquished.

Vanquished Creatures (collateral kills)
  Harold (Orc:1)
  A sea snake (Shoals:3)
  A ball lightning (Snake:4)
  A harpy (Shoals:3)
  2 naga magi
  A merfolk (Shoals:3)
  A snapping turtle (Shoals:2)
  A yak (D:14)
  A soldier ant (Gauntlet)
  An orc warrior (Snake:2)
  A killer bee (D:11)
12 creatures vanquished.

Vanquished Creatures (others)
  79 ball lightnings
  A killer bee (Gauntlet)
  A demonic plant (Gauntlet)
  3 fungi
  47 plants
  2 withered plants (Lair:5)
133 creatures vanquished.

Grand Total: 1230 creatures vanquished

Notes
Turn   | Place    | Note
-------+----------+-------------------------------------------
     0 | D:1      | Atelerd the Octopode Wizard began the quest for the Orb.
     0 | D:1      | Reached XP level 1. HP: 11/11 MP: 4/4
   240 | D:1      | Reached XP level 2. HP: 14/17 MP: 0/6
  1157 | D:2      | Reached XP level 3. HP: 22/22 MP: 7/7
  1166 | D:2      | Learned a level 3 spell: Mephitic Cloud
  1169 | D:2      | Learned a level 2 spell: Blink
  1786 | D:2      | Reached skill level 1 in Fighting
  1857 | D:2      | Found a glowing silver altar of Zin.
  1947 | D:2      | Reached XP level 4. HP: 21/28 MP: 8/8
  2298 | D:2      | Reached XP level 5. HP: 12/33 MP: 10/10
  3189 | D:4      | Reached skill level 1 in Shields
  3619 | D:4      | Found a stormy altar of Qazlal.
  3657 | D:4      | Reached XP level 6. HP: 39/39 MP: 11/11
  3672 | D:4      | Learned a level 3 spell: Conjure Flame
  3903 | D:4      | Found a hazy altar of Hepliaklqana.
  3972 | D:5      | Entered Level 5 of the Dungeon
  4087 | D:5      | Found a hide-covered altar of Uskayaw.
  4166 | D:5      | Noticed a phantom
  4213 | D:5      | Killed a phantom
  4383 | D:5      | Reached XP level 7. HP: 36/45 MP: 2/12
  4621 | D:5      | Reached skill level 5 in Stealth
  5039 | D:5      | Reached XP level 8. HP: 41/52 MP: 9/14
  5086 | D:5      | Found a staircase to the Ecumenical Temple.
  5250 | D:5      | Found a bloodstained altar of Trog.
  5547 | D:6      | Reached skill level 5 in Conjurations
  5864 | D:6      | Found a glowing drain.
  5884 | Sewer    | Entered a sewer
  7435 | D:6      | Found Wosaphy's Antique Armour Emporium.
  7641 | D:7      | Reached skill level 5 in Spellcasting
  7981 | D:7      | Reached XP level 9. HP: 56/56 MP: 2/16
  8093 | Temple   | Entered the Ecumenical Temple
  8277 | Temple   | Became a worshipper of Sif Muna the Loreminder
  8402 | D:7      | Reached skill level 1 in Poison Magic
  8793 | D:7      | Reached skill level 5 in Dodging
 10188 | D:8      | Reached skill level 1 in Invocations
 10456 | D:8      | Reached * piety under Sif Muna
 10680 | D:8      | Reached XP level 10. HP: 48/63 MP: 5/19
 10810 | D:8      | Found a bloodstained altar of Trog.
 11449 | D:8      | Reached ** piety under Sif Muna
 12420 | D:9      | Found a staircase to the Lair.
 12521 | D:9      | Got a crude iron ring
 12526 | D:9      | Identified the ring of Baefeore {+Fly rElec Int+4} (You
                  | found it on level 9 of the Dungeon)
 12926 | D:9      | Reached *** piety under Sif Muna
 13108 | D:9      | Found Oqauw's Assorted Antiques.
 13122 | D:9      | Bought a viscous coppery potion for 30 gold pieces
 13416 | D:10     | Entered Level 10 of the Dungeon
 13550 | D:10     | Reached skill level 5 in Invocations
 13993 | D:10     | Reached XP level 11. HP: 51/69 MP: 12/22
 14115 | D:10     | Found a white marble altar of Elyvilon.
 15643 | D:11     | Found a gate leading to a gauntlet.
 15666 | Gauntlet | Entered a Gauntlet
 15666 | Gauntlet | Found a transporter.
 15666 | Gauntlet | Found a runed translucent gate.
 15666 | Gauntlet | Found a transporter.
 15666 | Gauntlet | Noticed a queen ant
 15670 | Gauntlet | Found a runed translucent gate.
 15670 | Gauntlet | Noticed a tengu warrior
 15672 | Gauntlet | Found a runed translucent gate.
 15682 | Gauntlet | Found a transporter.
 15686 | Gauntlet | Found a transporter.
 15694 | Gauntlet | Found a transporter.
 15698 | Gauntlet | Found a transporter.
 15702 | Gauntlet | Found a runed translucent door.
 15705 | Gauntlet | Found a runed translucent door.
 15706 | Gauntlet | Found a transporter.
 15719 | Gauntlet | Noticed a death drake
 15726 | Gauntlet | Found a transporter.
 15744 | Gauntlet | Found a transporter.
 15748 | Gauntlet | Found a transporter.
 15756 | Gauntlet | Found a transporter.
 15760 | Gauntlet | Found a transporter.
 16027 | Gauntlet | Reached skill level 10 in Conjurations
 16496 | Gauntlet | Got a crude hat
 16658 | Gauntlet | Noticed a minotaur
 16717 | D:11     | Identified the +1 hat "Xuox" {Int+2} (You found it in a
                  | Gauntlet)
 16818 | D:11     | Found a roughly hewn altar of Beogh.
 16818 | D:11     | Found a staircase to the Orcish Mines.
 16819 | D:11     | Noticed an orc knight
 16826 | D:11     | Noticed Erolcha
 16924 | Lair:1   | Entered Level 1 of the Lair of Beasts
 17237 | Lair:1   | Reached skill level 1 in Evocations
 17832 | Lair:1   | Learned a level 5 spell: Iskenderun's Battlesphere
 17838 | Lair:1   | Learned a level 5 spell: Venom Bolt
 17846 | Lair:1   | Learned a level 7 spell: Orb of Destruction
 18119 | Lair:1   | Reached XP level 12. HP: 44/74 MP: 21/25
 18980 | Lair:2   | Reached skill level 5 in Shields
 19068 | Lair:2   | Reached **** piety under Sif Muna
 19706 | Lair:2   | Found a staircase to the Shoals.
 20054 | Lair:3   | Noticed a death yak
 20085 | Lair:3   | Noticed a death yak
 20085 | Lair:3   | Noticed a death yak
 20085 | Lair:3   | Noticed a death yak
 20085 | Lair:3   | Noticed a death yak
 20110 | Lair:3   | Killed a death yak
 20135 | Lair:3   | Killed a death yak
 20140 | Lair:3   | Killed a death yak
 20140 | Lair:3   | Reached skill level 10 in Spellcasting
 20617 | Lair:3   | Reached skill level 5 in Poison Magic
 20698 | Lair:3   | Reached skill level 1 in Charms
 20850 | Lair:3   | Noticed a six-headed hydra
 20857 | Lair:3   | Killed a six-headed hydra
 21021 | Lair:3   | Killed a death yak
 21059 | Lair:3   | Killed a death yak
 21795 | Lair:3   | Reached XP level 13. HP: 79/79 MP: 28/28
 22132 | Lair:4   | Found a radiant altar of Vehumet.
 22308 | Lair:4   | Found a staircase to the Snake Pit.
 23392 | Lair:5   | Found a runed translucent door.
 23404 | Lair:5   | Noticed Thalamas's ghost (journeyman MiBe)
 23510 | Lair:5   | Found a viscous altar of Jiyva.
 23511 | Lair:5   | Found a staircase to the Slime Pits.
 23788 | Lair:5   | Reached ***** piety under Sif Muna
 24563 | Lair:5   | Identified Sif Muna's Reference Book on Envenoming and
                  | Companions (Sif Muna gifted it to you on level 5 of the
                  | Lair of Beasts)
 24563 | Lair:5   | Received a gift from Sif Muna
 24567 | Lair:5   | Learned a level 1 spell: Summon Butterflies
 24955 | Shoals:1 | Entered Level 1 of the Shoals
 25351 | D:12     | Learned a level 4 spell: Summon Ice Beast
 25358 | D:12     | Learned a level 6 spell: Iron Shot
 25470 | D:12     | Found a portal to a secret trove of treasure.
 25530 | D:12     | Reached skill level 1 in Earth Magic
 26878 | D:11     | Killed Erolcha
 26878 | D:11     | Reached XP level 14. HP: 84/85 MP: 27/30
 28220 | D:13     | Reached skill level 5 in Earth Magic
 28878 | D:13     | Found a gate to the Vaults.
 28890 | D:13     | Noticed an ironheart preserver
 28924 | D:13     | Killed an ironheart preserver
 29246 | D:13     | Found Jietz's Food Emporium.
 29532 | D:14     | Identified Lehudib's Guide on Battle Magic (Sif Muna gifted
                  | it to you on level 14 of the Dungeon)
 29532 | D:14     | Received a gift from Sif Muna
 29664 | D:14     | Learned a level 6 spell: Freezing Cloud
 29863 | D:14     | Reached skill level 1 in Ice Magic
 29863 | D:14     | Reached skill level 1 in Air Magic
 30176 | D:14     | Noticed Josephine
 30189 | D:14     | Killed Josephine
 30358 | D:14     | Found a large runed translucent door.
 30363 | D:14     | Found a large runed translucent door.
 30929 | D:15     | Entered Level 15 of the Dungeon
 31058 | D:15     | Noticed an emperor scorpion
 31394 | Orc:1    | Entered Level 1 of the Orcish Mines
 31428 | Orc:1    | Noticed Harold
 31447 | Orc:1    | Killed Harold
 31666 | Orc:1    | Found a roughly hewn altar of Beogh.
 31897 | Orc:1    | Found Dumnoonliz's Magic Scroll Boutique.
 32072 | Orc:2    | Entered Level 2 of the Orcish Mines
 32159 | Orc:2    | Found a staircase to the Elven Halls.
 32179 | Orc:2    | Identified Sif Muna's Catalogue of Confrontation and
                  | Companions (Sif Muna gifted it to you on level 2 of the
                  | Orcish Mines)
 32179 | Orc:2    | Received a gift from Sif Muna
 32189 | Orc:2    | Learned a level 4 spell: Olgreb's Toxic Radiance
 32207 | Orc:2    | Found a roughly hewn altar of Beogh.
 32254 | Orc:2    | Reached XP level 15. HP: 90/90 MP: 32/32
 32381 | Orc:2    | Noticed an orc warlord
 32394 | Orc:2    | Killed an orc warlord
 32654 | Orc:2    | Noticed Blork the orc
 32977 | Orc:2    | Reached skill level 5 in Air Magic
 32986 | Orc:2    | Reached skill level 5 in Ice Magic
 32990 | Orc:2    | Killed Blork the orc
 33184 | Orc:2    | Found a roughly hewn altar of Beogh.
 33193 | Orc:2    | Found Kuopsyesk's Antique Weapon Shoppe.
 33198 | Orc:2    | Found Ihak's Jewellery Shoppe.
 33213 | Orc:2    | Bought the amulet of the Air {Inacc +Fly rElec EV+5 RMsl}
                  | for 714 gold pieces
 33213 | Orc:2    | Found the amulet of the Air {Inacc +Fly rElec EV+5 RMsl}
 33422 | Orc:2    | Found Kenith's General Store.
 33428 | Orc:2    | Bought a potion of mutation for 112 gold pieces
 33437 | Orc:2    | Found Tiuwniaf's Antique Armour Shoppe.
 33612 | Elf:1    | Entered Level 1 of the Elven Halls
 34905 | D:15     | Found a staircase to the Depths.
 35021 | D:15     | Killed an emperor scorpion
 36281 | Shoals:1 | Got a crude long sword
 36282 | Shoals:1 | Identified the cursed +2 long sword of the Beginning
                  | {drain, rElec rPois Dex+2} (You found it on level 1 of the
                  | Shoals)
 37775 | Shoals:2 | Reached XP level 16. HP: 78/95 MP: 25/34
 39672 | Shoals:3 | Found a runed translucent door.
 39859 | Shoals:3 | Identified Sif Muna's Almanac of the Blaze (Sif Muna gifted
                  | it to you on level 3 of the Shoals)
 39859 | Shoals:3 | Received a gift from Sif Muna
 40022 | Shoals:3 | Noticed Aizul
 40041 | Shoals:3 | Killed Aizul
 40915 | Snake:1  | Entered Level 1 of the Snake Pit
 41102 | Snake:1  | Learned a level 6 spell: Conjure Ball Lightning
 41453 | Snake:1  | Identified a scroll of acquirement
 43138 | Snake:2  | Noticed a nagaraja
 43164 | Snake:2  | Killed a nagaraja
 43251 | Snake:2  | Noticed Saint Roka
 46453 | Snake:3  | Reached XP level 17. HP: 93/99 MP: 30/35
 46606 | Snake:3  | Learned a level 3 spell: Inner Flame
 46653 | Snake:3  | Reached skill level 1 in Fire Magic
 47288 | Snake:3  | Identified Sif Muna's Grimoire of Mutagenic Unholy Rites
 47358 | Snake:3  | Noticed Agnes
 47566 | Snake:2  | Killed Saint Roka
 47949 | Snake:3  | Killed Agnes
 48913 | Snake:4  | Entered Level 4 of the Snake Pit
 49488 | Snake:4  | Reached skill level 15 in Conjurations
 49967 | Snake:4  | Reached skill level 5 in Fire Magic
 50015 | Snake:4  | Reached skill level 5 in Evocations
 50019 | Snake:4  | Reached skill level 10 in Invocations
 50035 | Snake:4  | HP: 3/99 [naga sharpshooter/arrow (19)]
 50043 | Snake:4  | Reached XP level 18. HP: 20/106 MP: 1/36
 51122 | Snake:4  | Found Sepups's Antique Armour Shoppe.
 51130 | Snake:4  | Bought a runed buckler for 195 gold pieces
 52245 | Snake:4  | Got a serpentine rune of Zot
 52617 | Vaults:1 | Entered Level 1 of the Vaults
 54099 | Vaults:1 | Identified the +5 great sword "Ylaneg" {flame, *Slow rN+
                  | Str+3 Int+3}
 54305 | Vaults:1 | Found Daixzuud's Weapon Boutique.
 54363 | Vaults:1 | Received a gift from Sif Muna
 54368 | Vaults:1 | Reached skill level 1 in Long Blades
 54371 | Vaults:1 | Reached skill level 15 in Spellcasting
 55391 | Orc:2    | Bought an uncursed ring of see invisible for 225 gold
                  | pieces
 55708 | Orc:2    | Bought a slimy war axe for 246 gold pieces
 55708 | Orc:2    | Identified the +5 war axe "Ompuont" {flame, MP+9 Int+3
                  | SInv} (You bought it in a shop on level 2 of the Orcish
                  | Mines)
 55709 | Orc:2    | Bought a crystal scythe for 232 gold pieces
 55709 | Orc:2    | Identified the +9 scythe "Najuazeod" {venom, Dex+2 Stlth+}
                  | (You bought it in a shop on level 2 of the Orcish Mines)
 57263 | Vaults:2 | Shot with an arrow by a centaur warrior

Levels and vault maps discovered:
D:1:      lemuel_arrival_river_ford, layout_rooms
D:2:      layout_loops_corners, nicolae_overflow_crystal_walls
D:3:      layout_rooms, first_ration, minmay_rat_hole
D:4:      layout_rooms, marbit_many_paths, grunt_qazlal_clouds
D:5:      layout_basic, lightli_temple_of_fire, kennysheep_mini,
          wad_floor_pattern_untrapped
D:6:      layout_basic, gup_sewer_entry_pipe, serial_shops,
          nicolae_shop_statue_plus, corexii_hall_statues_x,
          minmay_misc_feat_plants
D:7:      layout_cave_pods, minmay_checkerbox
D:8:      layout_gridville, special_room [special_room_orc], grunt_ministairs_1,
          chequers_mini_garden, grunt_ogre_cave, trog_butcher_becter
D:9:      minmay_bloctagon, layout_irregular_city, lair_entry_dummy,
          serial_shops, nicolae_shop_behind_doors
D:10:     layout_grid_maze, basic_altar
D:11:     layout_long_grid, david_orc_5, gauntlet_entry_generic,
          serial_bayou_pond_a, uniq_erolcha
D:12:     layout_stronghold, nicolae_trove_entry_diagonal
D:13:     layout_cave_pods, skrybe_vaults_entry_preservation, serial_shops, shop
D:14:     layout_cave_pools, chequers_serial_rivers_room_a,
          minmay_misc_feat_rugged, lightli_elemental_guards, uniq_josephine
D:15:     hangedman_depths_entry_try_elsewhere_first, layout_loops_ring,
          chequers_serial_rivers_micro_d
Temple:   dpeg_five_rooms_temple
Lair:1:   layout_regular_city, serial_bayou_lagoon_b
Lair:2:   layout_long_grid, minmay_shoals_entry_lonely_mermaid
Lair:3:   layout_cave_pods, grunt_megastairs_1
Lair:4:   layout_concentric_octagons, minmay_snake_entry_six_corridors,
          basic_altar, beast_lair_carwin_3
Lair:5:   cheibrodos_lair_overgrown_chateau, layout_hall_layers, slime_altar_1,
          gammafunk_ghost_grave, serial_bayou_shore_b, grunt_megastairs_4,
          lemuel_fruit_tree
Shoals:1: layout_shoals
Shoals:2: layout_shoals, centaur_isle
Shoals:3: layout_shoals, ebering_ghost_reflecting_pool, uniq_aizul
Snake:1:  layout_chambers
Snake:2:  layout_gridlike, uniq_saint_roka
Snake:3:  layout_rooms, nicolae_snake_biting_tails, uniq_agnes
Snake:4:  snake_pit, layout_misc_corridors, serial_shops, shop_statue
Orc:1:    layout_diamond_mine, serial_shops, nicolae_shop_waterfront,
          basic_altar, uniq_harold
Orc:2:    grunt_orc_cross, layout_caves, basic_altar
Elf:1:    eino_elf_arrival_altar, layout_onion_city, serial_shops,
          nicolae_shop_stone, hangedman_elven_crosses_minicolossus
Vaults:1: nicolae_vaults_network_square, v_pattern_2, ontoclasm_vaults_idyll,
          v_misc_33, nicolae_vaults_triangles, ontoclasm_vaults_hangar,
          ontoclasm_vaults_loading_screen, nicolae_vaults_fighting_squares,
          v_misc_12, nicolae_vaults_mini_display_case,
          layout_vaults_maze_snakey, serial_shops, shop
Vaults:2: gammafunk_vaults_ghost_crypt, minmay_crypt_entry_simple_plaza,
          nicolae_vaults_minivaults, vaults_room_fours, v_alt_pattern_3,
          hangedman_vaults_maws, nicolae_vaults_network_quinsquares
          [nicolae_vaults_network_quincunx_subvault,
          nicolae_vaults_network_quincunx_subvault,
          nicolae_vaults_network_quincunx_subvault,
          nicolae_vaults_network_quincunx_subvault], vaults_room_ringed_pool,
          v_misc_23, v_misc_5, grunt_vaults_bifocal,
          nicolae_vaults_three_branches, vaults_room_pool, layout_vaults_omnibox

Skill      XL: |  1  2  3  4  5  6  7  8  9 10 11 12 13 14 15 16 17 18 |
---------------+-------------------------------------------------------+-----
Stealth        | 3 4 5 6 7 8 9 |  9.0
Conjurations   | 2 3 4 6 7 9 10 11 12 13 14 15 | 15.0
Fighting       | 1 2 3 4 |  4.5
Shields        | 1 2 4 6 7 8 9 |  9.3
Dodging        | 3 4 6 7 8 9 |  9.4
Spellcasting   | 4 5 6 7 9 11 12 13 14 15 | 15.0
Poison Magic   | 2 3 5 |  5.0
Invocations    | 2 5 8 9 10 | 10.9
Evocations     | 2 3 5 |  5.0
Charms         | 3 |  3.7
Earth Magic    | 3 6 |  6.0
Translocations | 2 |  2.0
Ice Magic      | 4 8 9 |  9.4
Air Magic      | 4 8 9 |  9.4
Fire Magic     | 5 8 |  8.4
Long Blades    | 2 |  2.1
Summonings     | |  1.0

Action                   |  1- 3 |  4- 6 |  7- 9 | 10-12 | 13-15 | 16-18 || total
-------------------------+-------+-------+-------+-------+-------+-------++-------
Melee: Unarmed           |    21 |       |       |       |       |       ||    21
       Constrict         |    18 |    24 |    80 |    68 |    18 |     4 ||   212
       Tentacles         |     8 |    13 |    47 |    61 |     8 |     6 ||   143
       Dagger            |    10 |       |       |       |       |       ||    10
       Short sword       |    52 |   107 |   328 |   195 |       |       ||   682
       Scimitar          |       |       |       |   101 |    54 |     6 ||   161
 Cast: Magic Dart        |    27 |    24 |   145 |   374 |   857 |   607 ||  2034
       Mephitic Cloud    |       |     2 |    28 |    61 |    51 |    39 ||   181
       Conjure Flame     |       |       |    15 |    56 |     8 |       ||    79
       Blink             |       |       |     4 |    32 |    34 |    10 ||    80
       Iskenderun's Batt |       |       |       |    31 |   172 |   140 ||   343
       Venom Bolt        |       |       |       |    13 |     5 |       ||    18
       Orb of Destructio |       |       |       |       |    24 |    24 ||    48
       Iron Shot         |       |       |       |       |    86 |   112 ||   198
       Summon Ice Beast  |       |       |       |       |    10 |    24 ||    34
       Summon Butterflie |       |       |       |       |     8 |    19 ||    27
       Freezing Cloud    |       |       |       |       |    12 |    83 ||    95
       Olgreb's Toxic Ra |       |       |       |       |    10 |     3 ||    13
       Conjure Ball Ligh |       |       |       |       |       |    42 ||    42
Invok: Channel Magic     |       |       |       |     7 |     8 |    13 ||    28
Evoke: Wand              |       |       |     6 |     5 |     2 |     4 ||    17
       Lightning rod     |       |       |       |       |       |     1 ||     1
  Use: Scroll            |       |     8 |     7 |    13 |    14 |    30 ||    72
       Potion            |       |     1 |       |     6 |     3 |     5 ||    15
 Stab: Sleeping          |    13 |     6 |    15 |    10 |     1 |     1 ||    46
       Confused          |       |       |     9 |    14 |       |       ||    23
       Paralysed         |       |       |     7 |     5 |       |       ||    12
  Eat: Chunk             |     3 |     3 |    12 |    21 |    37 |    21 ||    97
       Ration            |       |     1 |     3 |     6 |    11 |    21 ||    42
Armor: Skin              |     3 |    10 |    54 |    26 |    33 |    14 ||   140
Dodge: Dodged            |    57 |    79 |   244 |   249 |   206 |   239 ||  1074
       Deflected         |       |       |       |       |     3 |    56 ||    59
Block: Buckler           |       |       |    10 |    59 |    54 |    74 ||   197
       Rpst.: Scimitar   |       |       |       |    35 |    41 |    31 ||   107
